 Dungeon Crawl Stone Soup version 0.23.1 (webtiles) character file.

Game seed: 0

2360 elfaar the Basher (level 9, -2/78 HPs)
             Began as a Minotaur Berserker on Mar 8, 2019.
             Was an Elder of Trog.
             Slain by a wight
             ... wielding a +3 hand axe of freezing
              (4 damage)
             ... on level 7 of the Dungeon.
             The game lasted 00:28:46 (4848 turns).

elfaar the Basher (Minotaur Berserker)              Turns: 4848, Time: 00:28:46

Health: -2/78      AC: 12    Str: 26    XL:     9   Next: 21%
Magic:  8/8        EV:  8    Int:  7    God:    Trog [****..]
Gold:   485        SH:  0    Dex:  9    Spells: 8/8 levels left

rFire    . . .     SeeInvis .   f - +0 flail (drain)
rCold    . . .     Gourm    .   (no shield)
rNeg     + . .     Faith    .   y - +1 chain mail {rN+}
rPois    .         Spirit   .   (helmet restricted)
rElec    .         Reflect  .   w - +0 cloak
rCorr    .         Harm     .   (no gloves)
MR       .....                  (no boots)
Stlth    ..........             n - amulet of magic regeneration
HPRegen  0.23/turn              g - +3 ring of intelligence
MPRegen  0.36/turn              C - ring of stealth

@: about to teleport, berserk cooldown, slowed, heavily drained, very slow
A: retaliatory headbutt, horns 2
a: Berserk, Trog's Hand, Brothers in Arms, Renounce Religion


You were on level 7 of the Dungeon.
You worshipped Trog.
Trog was greatly pleased with you.
You were very hungry.

You visited 1 branch of the dungeon, and saw 7 of its levels.

You collected 485 gold pieces.

Inventory:

Hand Weapons
 a - a +1 mace
 f - a +0 flail of draining (weapon)
 q - a +1 mace of holy wrath
 r - a cursed -1 blowgun
Missiles
 b - 118 stones
 m - a throwing net
 o - 9 tomahawks (quivered)
 s - 6 poisoned needles
Armour
 d - a +0 chain mail
 w - a +0 cloak (worn)
 y - a +1 chain mail of positive energy (worn)
Jewellery
 g - a +3 ring of intelligence (left hand)
 n - an amulet of magic regeneration (around neck)
 C - a ring of stealth (right hand)
Wands
 l - a wand of polymorph (3)
 B - a wand of acid (6)
Scrolls
 k - 5 scrolls of teleportation
 p - 3 scrolls of remove curse
Potions
 e - a potion of agility
 h - a potion of brilliance
 i - a potion of might
 j - a potion of heal wounds
 t - a potion of lignification
 u - a potion of flight
 x - 2 potions of curing
 z - a potion of invisibility {unknown}
 D - a potion of berserk rage
Comestibles
 c - 12 rations
 A - 8 chunks of flesh


   Skills:
 + Level 6.6(3.8) Fighting
 + Level 10.6(7.5) Maces & Flails
 + Level 0.9(0.0) Throwing
 + Level 8.8(5.8) Armour
 + Level 3.5(0.9) Dodging
 + Level 0.9(0.0) Stealth


You had 8 spell levels left.
You didn't know any spells.
Your spell library was empty.

Dungeon Overview and Level Annotations

Branches:
Dungeon (7/15)             Temple (0/1) D:7

Altars:
Dithmenos
Gozag
The Shining One

Shops:
D:6 :


Innate Abilities, Weirdness & Mutations

You reflexively headbutt those who attack you in melee.
You have a pair of horns on your head.


Message History

You partially resist.
You feel drained.
* * * LOW HITPOINT WARNING * * *
The wight freezes you.
* * * LOW HITPOINT WARNING * * *
The wight hits you from afar with a cursed +2 spear.
* * * LOW HITPOINT WARNING * * *
The wight hits you with a cursed +0 dagger of draining.
* * * LOW HITPOINT WARNING * * *
You partially resist.
You feel drained. You partially resist.
You feel drained.
The wight hits you but does no damage. x2
Okay, then.
As you read the scroll of teleportation, it crumbles to dust.
You feel strangely unstable.
You are feeling very hungry.
The wight hits you but does no damage. You partially resist.
You feel drained. The wight hits you but does no damage.
The wight hits you with a +3 hand axe of freezing!
* * * LOW HITPOINT WARNING * * *
You partially resist.
You feel drained. The wight freezes you.
You die...

...# ... #...### ..
.....###.#
#....##..# #
#.#.....#
..#.#..5....##
......zz#)...#####
#.z@).......# #####
#.###...###.####....
... #.#.# #......8..
...#. #...#
#.###..... ##.##.
..#.# #.# ##.... ...
.. #..>.. #.# #....
..# .. ..####.#.#
#.[.. #. .#... .#.#
#.... #.#....8..


You could see 3 wights and a crimson imp.

Vanquished Creatures
  Sigmund (D:5)
  Edmund (D:5)
  2 ice beasts
  A phantom (D:5)
  An ogre (D:7)
  4 sky beasts
  A necrophage (D:7)
  2 centaurs (D:7)
  2 gnoll sergeants
  A bullfrog (D:6)
  A wyvern skeleton (D:6)
  A crimson imp (D:6)
  A bullfrog skeleton (D:5)
  2 hounds
  A jelly (D:6)
  Crazy Yiuf (D:4)
  3 orc priests
  3 orc wizards
  7 worker ants
  A hound zombie (D:6)
  A hound skeleton (D:4)
  11 gnolls
  10 adders
  A howler monkey skeleton (D:7)
  A shadow imp (D:6)
  2 oozes
  2 adder skeletons (D:4)
  4 dart slugs
  8 leopard geckos
  23 orcs
  6 bats
  5 giant cockroaches
  7 goblins
  9 hobgoblins
  11 kobolds
  4 quokkas
  8 frilled lizards
  2 jackal skeletons (D:6)
  A quokka skeleton (D:7)
  3 rats
156 creatures vanquished.

Notes
Turn   | Place    | Note
-------+----------+-------------------------------------------
     0 | D:1      | elfaar the Minotaur Berserker began the quest for the Orb.
     0 | D:1      | Reached XP level 1. HP: 19/19 MP: 0/0
   258 | D:1      | Reached XP level 2. HP: 27/27 MP: 1/1
   333 | D:1      | Reached skill level 4 in Maces & Flails
   597 | D:2      | Found a shadowy altar of Dithmenos.
   603 | D:2      | Reached XP level 3. HP: 29/33 MP: 2/2
   666 | D:2      | Reached ** piety under Trog
   827 | D:2      | Reached XP level 4. HP: 37/40 MP: 3/3
   988 | D:2      | Reached skill level 5 in Maces & Flails
  1502 | D:3      | Found an opulent altar of Gozag.
  1547 | D:3      | Reached XP level 5. HP: 46/46 MP: 4/4
  1634 | D:4      | Reached *** piety under Trog
  2093 | D:4      | Reached skill level 6 in Maces & Flails
  2191 | D:4      | Reached XP level 6. HP: 40/53 MP: 5/5
  2479 | D:4      | Found a runed translucent door.
  2480 | D:4      | Noticed Crazy Yiuf
  2675 | D:4      | Killed Crazy Yiuf
  2675 | D:4      | Reached skill level 5 in Armour
  2871 | D:5      | Entered Level 5 of the Dungeon
  2901 | D:5      | Noticed Sigmund
  2909 | D:5      | Killed Sigmund
  2909 | D:5      | Reached skill level 5 in Fighting
  2909 | D:5      | Reached XP level 7. HP: 61/61 MP: 6/6
  3050 | D:5      | Reached skill level 7 in Maces & Flails
  3210 | D:5      | Reached **** piety under Trog
  3570 | D:5      | Noticed Edmund
  3583 | D:5      | Killed Edmund
  3736 | D:6      | Reached skill level 8 in Maces & Flails
  3736 | D:6      | Reached XP level 8. HP: 69/69 MP: 7/7
  4003 | D:6      | Reached skill level 9 in Maces & Flails
  4037 | D:6      | Found Xienets's Book Boutique.
  4163 | D:6      | Found a glowing golden altar of the Shining One.
  4695 | D:7      | Found a staircase to the Ecumenical Temple.
  4740 | D:7      | Reached skill level 10 in Maces & Flails
  4740 | D:7      | Reached XP level 9. HP: 75/75 MP: 8/8
  4848 | D:7      | HP: 2/78 [wight/+3 hand axe of freezing (9)]
  4848 | D:7      | Slain by a wight

Skill      XL: |  1  2  3  4  5  6  7  8 |
---------------+-------------------------+-----
Fighting       | 4 5 6 |  6.6
Maces & Flails | 4 5 6 8 10 | 10.6
Armour         | 3 4 5 6 8 |  8.8
Dodging        | 3 |  3.5
Throwing       | |  0.9
Stealth        | |  0.9

Action                   |  1- 3 |  4- 6 |  7- 9 || total
-------------------------+-------+-------+-------++-------
Melee: Mace              |    76 |   139 |    58 ||   273
       Headbutt          |     9 |    24 |    36 ||    69
       Flail             |       |       |   164 ||   164
Throw: Stone             |     2 |       |       ||     2
       Tomahawk          |       |     6 |       ||     6
Invok: Berserk           |       |     3 |     4 ||     7
  Use: Scroll            |     5 |     5 |     6 ||    16
  Eat: Chunk             |       |     8 |    10 ||    18
Armor: Ring mail         |    10 |       |       ||    10
       Scale mail        |    18 |       |       ||    18
       Chain mail        |     6 |    68 |   120 ||   194
Dodge: Dodged            |    53 |    60 |    96 ||   209
